AoeStats
← Jewish Conspirator

Oasis

508086649Analyzed
4v4 RM · 12d ago on Sep 20, 2026· 43m 6s· 8 players
Game mode
Random Map
Map size
Large (8 player)
Population
200
Speed
Normal
Resources
Standard
Victory
Conquest
Starting age
Dark Age
Ending age
Imperial Age
RankedLock teamsTeams togetherTeam positionsShared explorationLock speedFull tech treeHidden civsTurbo modeCheats
Victory
Defeat
🇨🇦 Portuguese · Canada
868
+15
🇹🇷 Franks · Türkiye
826
+17
🇺🇸 Teutons · United States
820
+17
🇮🇳 Khmer · India
806
+18
🇪🇸 Italians · Spain
870
-18
🇩🇪 Maya · Germany
863
-17
🇩🇪 Koreans · Germany
835
-16
🇲🇽 Persians · Mexico
822
-16
DENVER
0:29 Loom
11:55 Feudal Age
12:39 Double-Bit Axe
13:31 Wheelbarrow
20:00 Castle Age
18:25 Stone Mining
18:25 Gold Mining
26:32 Caravan
28:17 Husbandry
33:28 Imperial Age
32:39 Forging
32:29 Scale Mail Armor
32:35 Scale Barding Armor
32:44 Masonry
32:55 Ballistics
32:25 Guard Tower
33:58 Iron Casting
33:14 Fletching
33:24 Padded Archer Armor
33:21 Murder Holes
33:37 Fortified Wall
33:33 Cavalier
35:15 Chemistry
34:52 Chain Mail Armor
34:58 Chain Barding Armor
34:57 Arrowslits
35:50 Hand Cart
37:00 Blast Furnace
36:45 Gold Shaft Mining
36:26 Bow Saw
37:37 Leather Archer Armor
37:50 Conscription
41:27 Plate Mail Armor
41:32 Plate Barding Armor
40:53 Bodkin Arrow
41:19 Paladin
42:33 Architecture
42:09 Siege Engineers
french_fires
11:17 Feudal Age
14:59 Castle Age
13:19 Double-Bit Axe
14:45 Wheelbarrow
17:41 Hand Cart
20:30 Bow Saw
20:07 Horse Collar
23:12 Loom
24:50 Gold Mining
25:24 Scale Barding Armor
26:41 Caravan
29:25 Chain Barding Armor
30:18 Light Cavalry
31:09 Bloodlines
31:00 Husbandry
33:37 Ballistics
36:40 Imperial Age
33:57 Town Watch
37:26 Forging
36:58 Sappers
37:52 Conscription
37:33 Tusk Swords
37:35 Double Crossbow
39:02 Plate Barding Armor
39:02 Iron Casting
38:58 Town Patrol
41:51 Blast Furnace
40:31 Elite Battle Elephant
42:05 Hussar
4cam10
0:30 Loom
15:43 Feudal Age
18:28 Wheelbarrow
17:40 Town Watch
18:12 Gold Mining
22:26 Castle Age
20:51 Arson
21:22 Double-Bit Axe
22:34 Bloodlines
25:34 Squires
28:35 Horse Collar
29:07 Pikeman
30:51 Forging
30:41 Scale Mail Armor
30:47 Scale Barding Armor
30:33 Fletching
30:43 Padded Archer Armor
31:43 Hand Cart
31:29 Town Patrol
35:05 Bow Saw
37:35 Heavy Plow
41:27 Caravan
42:15 Stone Mining
45:08 Imperial Age
43:42 Ironclad
Jewish Conspirator
12:16 Feudal Age
13:35 Wheelbarrow
12:48 Double-Bit Axe
17:32 Castle Age
17:33 Stone Mining
17:37 Horse Collar
20:23 Man-at-Arms
24:40 Horse Collar
25:32 Gold Mining
29:34 Hand Cart
32:31 Imperial Age
30:44 Caravan
32:18 Stone Shaft Mining
31:55 Bow Saw
31:50 Heavy Plow
35:09 Crop Rotation
37:10 Two-Man Saw
35:52 Elite Organ Gun
37:55 Chemistry
37:29 Onager
39:16 Arquebus
39:37 Conscription
40:28 Siege Engineers
SHiRoNix
11:29 Feudal Age
17:26 Castle Age
15:38 Double-Bit Axe
15:36 Horse Collar
19:16 Wheelbarrow
18:56 Bow Saw
23:44 Hand Cart
24:31 Heavy Plow
24:31 Loom
31:29 Imperial Age
29:44 Fletching
33:46 Town Watch
33:58 Gold Mining
33:59 Stone Mining
34:08 Bodkin Arrow
34:25 Forging
34:16 Scale Mail Armor
34:20 Caravan
35:56 Gold Shaft Mining
35:56 Stone Shaft Mining
35:28 Town Patrol
37:23 Chain Mail Armor
37:43 Iron Casting
37:09 Bracer
38:48 Chemistry
37:33 Arrowslits
37:29 Treadmill Crane
38:11 Ballistics
38:02 Masonry
37:58 Siege Engineers
37:48 Murder Holes
37:31 Pikeman
38:12 Squires
38:18 Halberdier
41:45 Plate Mail Armor
41:21 Scale Barding Armor
Deatho
0:33 Loom
11:31 Feudal Age
12:05 Double-Bit Axe
12:03 Horse Collar
13:36 Wheelbarrow
13:57 Stone Mining
13:58 Gold Mining
18:51 Town Watch
21:57 Castle Age
21:13 Forging
20:55 Fletching
21:05 Padded Archer Armor
21:42 Forging
21:32 Scale Mail Armor
23:14 Hand Cart
23:12 Bow Saw
23:14 Stone Mining
23:31 Heavy Plow
24:25 Crossbowman
28:23 Bodkin Arrow
28:53 Ballistics
28:14 Treadmill Crane
29:38 Thumb Ring
32:52 Leather Archer Armor
34:02 Town Patrol
36:37 Imperial Age
35:47 Iron Casting
35:28 Chain Mail Armor
35:15 Murder Holes
35:31 Masonry
35:33 Fortified Wall
35:25 Stone Mining
38:27 Chemistry
37:57 Architecture
37:29 Bracer
38:00 Ring Archer Armor
36:55 Arbalester
39:07 Two-Man Saw
38:45 Stone Shaft Mining
38:32 Town Patrol
39:06 Plate Mail Armor
39:36 Blast Furnace
39:26 Conscription
39:39 Pikeman
39:42 Eagle Warrior
40:22 Squires
40:08 Arson
39:56 Capped Ram
40:21 Elite Plumed Archer
41:15 Elite Skirmisher
41:50 Halberdier
41:52 Elite Eagle Warrior
41:58 Siege Ram
Aihko05
4:41 Loom
13:19 Feudal Age
18:00 Castle Age
16:18 Double-Bit Axe
16:18 Horse Collar
20:44 Bow Saw
21:12 Wheelbarrow
20:51 Heavy Plow
26:26 Hand Cart
32:41 Imperial Age
30:43 Ballistics
30:19 Fletching
30:29 Padded Archer Armor
30:29 Treadmill Crane
32:56 Elite Genoese Crossbowman
33:52 Pirotechnia
34:03 Conscription
33:52 Gold Mining
35:13 Chemistry
34:14 Bodkin Arrow
37:44 Bracer
Rompe--Anos
0:27 Loom
13:54 Feudal Age
18:06 Castle Age
19:01 Double-Bit Axe
29:33 Pikeman
Connection lost

Rejoining the realm…

Still unreachable

The connection could not be restored.

Session expired

The server has moved on; the page needs a fresh start.